 Dungeon Crawl Stone Soup version 0.28.0-53-g5a82cb258f (webtiles) character file.

Game seed: 9192187150262388389

655 DocClef the Chiller (level 7, -2/51 HPs)
             Began as a Gnoll Ice Elementalist on July 10, 2022.
             Was an Initiate of Hepliaklqana.
             Slain by a two-headed ogre
             ... wielding a +0 giant club
              (17 damage)
             ... on level 4 of the Dungeon.
             The game lasted 00:07:44 (6092 turns).

DocClef the Chiller (Gnoll Ice Elementalist)        Turns: 6092, Time: 00:07:45

Health: -2/51      AC: 10    Str:  7    XL:     7   Next: 54%
Magic:  10/15      EV: 13    Int: 17    God:    Hepliaklqana [......]
Gold:   98         SH:  0    Dex: 12    Spells: 10/17 levels left

rFire   . . .      SeeInvis .   e - +0 trident
rCold   . . .      Faith    .   (no shield)
rNeg    . . .      Spirit   .   a - +0 robe
rPois   .          Reflect  .   p - +0 helmet
rElec   .          Harm     .   (no cloak)
rCorr   .          Rampage  .   (no gloves)
Will    .....                   (no boots)
Stlth   +++.......              (no amulet)
HPRegen 0.17/turn               (no ring)
MPRegen 0.14/turn               (no ring)

@: ice-armoured, freezing walls
A: fangs 1, strong nose, distributed training
a: Renounce Religion


You were on level 4 of the Dungeon.
You worshipped Hepliaklqana.
Hepliaklqana was noncommittal.
You visited 1 branch of the dungeon, and saw 5 of its levels.

You collected 98 gold pieces.

Inventory:

Hand Weapons
 b - a +0 dagger
 e - a +0 trident (weapon)
Armour
 a - a +0 robe (worn)
 p - a +0 helmet (worn)
Jewellery
 d - a ring of see invisible
Scrolls
 c - a scroll of immolation {unknown}
 g - a scroll of identify {unknown}
 i - a scroll of noise {unknown}
 j - a scroll of blinking {unknown}
 k - a scroll of teleportation {unknown}
 m - a scroll of vulnerability {unknown}
 n - a scroll of summoning {unknown}
Potions
 l - 2 potions of heal wounds {unknown}
 o - a potion of magic {unknown}
 q - a potion of haste


   Skills:
 + Level 2.5 Fighting
 + Level 2.5 Short Blades
 + Level 2.5 Long Blades
 + Level 2.5 Axes
 + Level 2.5 Maces & Flails
 + Level 2.5 Polearms
 + Level 2.5 Staves
 + Level 2.5 Slings
 + Level 2.5 Bows
 + Level 2.5 Crossbows
 + Level 2.5 Throwing
 + Level 2.5 Armour
 + Level 5.3 Dodging
 + Level 4.9 Stealth
 + Level 2.5 Shields
 + Level 2.5 Unarmed Combat
 + Level 5.6 Spellcasting
 + Level 2.1 Conjurations
 + Level 2.1 Hexes
 + Level 2.1 Summonings
 + Level 2.1 Necromancy
 + Level 2.1 Translocations
 + Level 2.1 Transmutations
 + Level 2.1 Fire Magic
 + Level 7.4 Ice Magic
 + Level 2.1 Air Magic
 + Level 2.1 Earth Magic
 + Level 2.1 Poison Magic
 + Level 2.8 Invocations
 + Level 2.5 Evocations


You had 10 spell levels left.
You knew the following spells:

 Your Spells              Type           Power      Damage    Failure   Level
a - Freeze                Ice            100%       1d11      1%          1
b - Frozen Ramparts       Ice            60%        1d8       1%          3
c - Ozocubu's Armour      Ice            30%        N/A       1%          3

Your spell library contained the following spells:

 Spells                   Type           Power      Damage    Failure   Level
 Hailstorm                Conj/Ice       21%        3d6       19%         4


Dungeon Overview and Level Annotations

Branches:
Dungeon (5/15)
 Temple: D:4-7

Altars:
Hepliaklqana


Innate Abilities, Weirdness & Mutations

You have very sharp teeth.
Your uncanny sense of smell can sniff out nearby items.
Your experience applies equally to all skills.


Message History

Casting: Ozocubu's Armour (safe; 1% risk of failure)
Confirm with . or Enter, or press ? or * to list all spells.
Casting: Frozen Ramparts (safe; 1% risk of failure)
Press: ? - help, Dir - look around, f - activate The walls around you are covered in ice.
You hear a shout!
The wall freezes the two-headed ogre!
The two-headed ogre hits you but does no damage. x2
You puncture the two-headed ogre!
The two-headed ogre is moderately wounded.
The wall freezes the two-headed ogre.
The two-headed ogre barely misses you. x2
The wall freezes the hobgoblin.
The hobgoblin hits you.
You closely miss the hobgoblin.
You bite the hobgoblin, but do no damage.
The hobgoblin is heavily wounded.
The wall freezes the hobgoblin.
You kill the hobgoblin!
The wall freezes the two-headed ogre.
The two-headed ogre misses you. The two-headed ogre closely misses you.
You closely miss the two-headed ogre.
The two-headed ogre is moderately wounded.
Unknown command.
You hit the two-headed ogre.
You bite the two-headed ogre, but do no damage.
The two-headed ogre is moderately wounded.
The wall freezes the two-headed ogre.
The two-headed ogre hits you but does no damage.
The two-headed ogre hits you with a +0 giant spiked club!
Unknown command.
You barely miss the two-headed ogre.
The two-headed ogre is heavily wounded.
The wall freezes the two-headed ogre.
The two-headed ogre barely misses you.
The two-headed ogre hits you with a +0 giant spiked club!!
* * * LOW HITPOINT WARNING * * *
Unknown command.
You closely miss the two-headed ogre. You bite the two-headed ogre.
The two-headed ogre is heavily wounded.
The wall freezes the two-headed ogre!
The two-headed ogre closely misses you.
The two-headed ogre hits you with a +0 giant spiked club!
You die...

###........)...########.
......<......## #.
............## ∆..
###.#.....## #.
###.......### .
###....?........
#...#...........
......†.#####....
...##.#@# .### .. #.#O#
# . ..... .......
........# #........#
###.##### ..


You could see a two-headed ogre.

Vanquished Creatures
  Pargi (D:4)
  A centaur (D:4)
  2 elf zombies (D:4)
  An elf skeleton (D:4)
  2 orc priests (D:4)
  A bullfrog skeleton (D:4)
  A human skeleton (D:4)
  An iguana (D:4)
  A hound skeleton (D:2)
  3 adders
  An adder skeleton (D:4)
  2 worms (D:2)
  A dart slug (D:1)
  2 orcs (D:4)
  4 ball pythons
  12 endoplasms
  7 giant cockroaches
  6 goblins
  9 hobgoblins
  6 jackals
  3 quokkas
  6 bats
  2 frilled lizards
  10 kobolds
  2 orc skeletons (D:4)
  11 rats
98 creatures vanquished.

Notes
Turn   | Place    | Note
-------+----------+-------------------------------------------
     0 | D:1      | DocClef the Gnoll Ice Elementalist began the quest for the
                  | Orb.
     0 | D:1      | Reached XP level 1. HP: 13/13 MP: 6/6
   174 | D:1      | Reached XP level 2. HP: 18/19 MP: 4/7
   216 | D:1      | Found a faded altar of an unknown god.
   610 | D:1      | Reached XP level 3. HP: 15/25 MP: 9/9
   744 | D:1      | Reached skill level 5 in Spellcasting
  1250 | D:2      | Reached skill level 1 in Invocations
  1675 | D:2      | Reached skill level 1 in Fighting
  1675 | D:2      | Reached skill level 1 in Short Blades
  1675 | D:2      | Reached skill level 1 in Long Blades
  1675 | D:2      | Reached skill level 1 in Axes
  1675 | D:2      | Reached skill level 1 in Maces & Flails
  1675 | D:2      | Reached skill level 1 in Polearms
  1675 | D:2      | Reached skill level 1 in Staves
  1675 | D:2      | Reached skill level 1 in Slings
  1675 | D:2      | Reached skill level 1 in Bows
  1675 | D:2      | Reached skill level 1 in Crossbows
  1675 | D:2      | Reached skill level 1 in Throwing
  1675 | D:2      | Reached skill level 1 in Armour
  1675 | D:2      | Reached skill level 1 in Shields
  1675 | D:2      | Reached skill level 1 in Unarmed Combat
  1675 | D:2      | Reached skill level 1 in Evocations
  1676 | D:2      | Reached XP level 4. HP: 32/32 MP: 7/11
  1776 | D:2      | HP: 1/32 [hound skeleton (4)]
  2495 | D:2      | Reached skill level 1 in Conjurations
  2495 | D:2      | Reached skill level 1 in Hexes
  2495 | D:2      | Reached skill level 1 in Summonings
  2495 | D:2      | Reached skill level 1 in Necromancy
  2495 | D:2      | Reached skill level 1 in Translocations
  2495 | D:2      | Reached skill level 1 in Transmutations
  2495 | D:2      | Reached skill level 1 in Fire Magic
  2495 | D:2      | Reached skill level 1 in Air Magic
  2495 | D:2      | Reached skill level 1 in Earth Magic
  2495 | D:2      | Reached skill level 1 in Poison Magic
  2788 | D:2      | Learned a level 3 spell: Frozen Ramparts
  2792 | D:2      | Learned a level 3 spell: Ozocubu's Armour
  3482 | D:3      | Found a hazy altar of Hepliaklqana.
  3498 | D:3      | Became a worshipper of Hepliaklqana the Forgotten
  3599 | D:3      | Reached XP level 5. HP: 33/37 MP: 10/12
  4003 | D:4      | HP: 1/37 [orc priest/+0 whip (3)]
  4351 | D:4      | Reached XP level 6. HP: 32/44 MP: 5/13
  4357 | D:4      | Noticed Pargi
  4373 | D:4      | Killed Pargi
  4374 | D:4      | Reached skill level 5 in Dodging
  4404 | D:4      | HP: 2/44 [elf zombie (2)]
  4415 | D:5      | Entered Level 5 of the Dungeon
  4421 | D:4      | HP: 2/44 [elf zombie (3)]
  5252 | D:4      | Reached XP level 7. HP: 12/50 MP: 6/15
  6082 | D:4      | Noticed a two-headed ogre
  6092 | D:4      | Slain by a two-headed ogre

Illustrated notes

Levels and vault maps discovered:
D:1:      wander_arrival_fairy_ring, layout_basic,
          dreamdust_ecumenical_altar_angels_and_demons, serial_aquarium,
          aquarium_bridge_square [aquarium_subvault_bridge,
          aquarium_subvault_window, aquarium_subvault_window,
          aquarium_subvault_wall], aquarium_window_3, aquarium_window_corner,
          aquarium_view_2c, aquarium_pool_double
D:2:      layout_basic, corexii_leaking_fountain, minivault_19
D:3:      layout_basic, mainiacjoe_overflow_chevrons, serial_park_tiny_2,
          chequers_serial_rivers_small_b
D:4:      layout_rooms, nicolae_ossuary_entry_catacombs,
          gammafunk_ghost_stat_death, uniq_pargi, uniq_blork_the_orc
D:5:      layout_layer_cave, kennysheep_path_1, uniq_grinder

Skill      XL: |  1  2  3  4  5  6  7 |
---------------+----------------------+-----
Spellcasting   | 5 |  5.6
Invocations    | 1 2 |  2.8
Fighting       | 1 2 |  2.5
Short Blades   | 1 2 |  2.5
Long Blades    | 1 2 |  2.5
Axes           | 1 2 |  2.5
Maces & Flails | 1 2 |  2.5
Polearms       | 1 2 |  2.5
Staves         | 1 2 |  2.5
Slings         | 1 2 |  2.5
Bows           | 1 2 |  2.5
Crossbows      | 1 2 |  2.5
Throwing       | 1 2 |  2.5
Armour         | 1 2 |  2.5
Shields        | 1 2 |  2.5
Unarmed Combat | 1 2 |  2.5
Evocations     | 1 2 |  2.5
Conjurations   | 1 2 |  2.1
Hexes          | 1 2 |  2.1
Summonings     | 1 2 |  2.1
Necromancy     | 1 2 |  2.1
Translocations | 1 2 |  2.1
Transmutations | 1 2 |  2.1
Fire Magic     | 1 2 |  2.1
Air Magic      | 1 2 |  2.1
Earth Magic    | 1 2 |  2.1
Poison Magic   | 1 2 |  2.1
Dodging        | 5 |  5.3
Stealth        | |  4.9
Ice Magic      | |  7.4

Action                   |  1- 3 |  4- 6 |  7- 9 || total
-------------------------+-------+-------+-------++-------
Melee: Dagger            |    90 |   254 |       ||   344
       Bite              |     9 |    34 |    12 ||    55
       Punch             |       |     3 |     3 ||     6
       Trident           |       |     4 |    91 ||    95
 Cast: Freeze            |    38 |    38 |       ||    76
       Frozen Ramparts   |       |     7 |     1 ||     8
       Ozocubu's Armour  |       |     7 |     2 ||     9
  Use: Potion            |       |     3 |       ||     3
 Stab: Sleeping          |     3 |    12 |     4 ||    19
       Distracted        |       |     1 |       ||     1
Armor: Robe              |    17 |    94 |    19 ||   130
Dodge: Dodged            |    72 |   184 |    34 ||   290
